 Dungeon Crawl Stone Soup version 0.31.0-11-ge490571c62 (webtiles) character file.

Game seed: 4963476316813846643

308 browni3141 the Chopper (level 6, -4/55 HPs)
             Began as a Minotaur Fighter on Jan 28, 2024.
             Slain by a gnoll
             ... wielding a +4 heavy spear
              (13 damage)
             ... on level 3 of the Dungeon.
             The game lasted 00:00:54 (1849 turns).

browni3141 the Chopper (Minotaur Fighter)           Turns: 1849, Time: 00:00:54

Health: -4/55      AC:  9    Str: 23    XL:     6   Next: 16%
Magic:  5/5        EV:  8    Int:  5    God:
Gold:   121        SH:  4    Dex:  9    Spells: 5/5 levels left

rFire   . . .        a - +0 war axe
rCold   . . .        c - +0 buckler
rNeg    . . .        r - +0 chain mail
rPois   .            (helmet restricted)
rElec   .            (no cloak)
rCorr   .            (no gloves)
SInv    .            (no boots)
Will    .....        (no amulet) Stlth
                     (no ring)
HPRegen 0.29/turn    (no ring)
MPRegen 0.09/turn

%: no passive effects
@: no status effects
A: horns 2, retaliatory headbutt
a: no special abilities


You were on level 3 of the Dungeon.
You visited 1 branch of the dungeon, and saw 3 of its levels.

You collected 121 gold pieces.

Inventory:

Hand Weapons
 a - a +0 war axe (weapon)
Missiles
 p - 2 javelins (quivered)
Armour
 b - a +0 scale mail
 c - a +0 buckler (worn)
 r - a +0 chain mail (worn)
Scrolls
 g - a scroll of brand weapon {unknown}
 i - 3 scrolls of identify {unknown}
 j - 2 scrolls of immolation {unknown}
 l - a scroll of poison {unknown}
 n - a scroll of vulnerability {unknown}
 q - a scroll of butterflies {unknown}
 s - 2 scrolls of fear {unknown}
Potions
 d - a potion of might
 e - a potion of magic {unknown}
 f - 2 potions of curing {unknown}
 h - 2 potions of attraction {unknown}
 k - a potion of heal wounds {unknown}
 m - a potion of degeneration {unknown}
 o - a potion of invisibility {unknown}
 t - 2 potions of enlightenment {unknown}
 u - a potion of haste {unknown}


   Skills:
 + Level 4.9 Fighting
 * Level 5.3 Axes
 + Level 4.9 Armour
 + Level 4.9 Shields


You had 5 spell levels left.
You didn't know any spells.
Your spell library contained the following spells:

 Spells                   Type           Power      Damage    Failure   Level
 Magic Dart               Conj           0%         1d3       98%         1


Dungeon Overview and Level Annotations

Branches:
Dungeon (3/15)

Altars:
Yredelemnul


Innate Abilities, Weirdness & Mutations

You have a pair of horns on your head.
You reflexively headbutt those who attack you in melee.


Message History

A gnoll comes into view. It is wielding a +0 spear.
A kobold comes into view. It is wielding a +0 short sword.
The gnoll shouts!
The kobold shouts!
There are monsters nearby!
A gnoll comes into view. It is wielding a +0 halberd.
The gnoll shouts!
The gnoll hits you with a +0 spear!
There are monsters nearby!
You slash the gnoll! You headbutt the gnoll.
The gnoll is severely wounded.
The gnoll hits you but does no damage. The gnoll hits you with a +0 spear.
The gnoll hits you but does no damage.
There are monsters nearby!
You barely miss the gnoll. You headbutt the gnoll.
You kill the gnoll!
The gnoll barely misses you.
There are monsters nearby!
The gnoll hits you from afar with a +0 spear!
You block the gnoll's attack.
Things that are here:
a +0 spear; a gnoll corpse You slash the gnoll!
The gnoll is severely wounded.
The gnoll hits you from afar with a +0 spear.
The gnoll hits you with a +0 spear.
You hit the gnoll. You headbutt the gnoll.
You kill the gnoll!
The gnoll hits you from afar with a +0 spear.
The gnoll hits you but does no damage.
You see here a +0 spear.
You slash the gnoll!
The gnoll is almost dead.
You block the gnoll's attack. The gnoll hits you but does no damage.
You slash the gnoll!
You kill the gnoll!
You slash the kobold!
You kill the kobold!
The gnoll hits you but does no damage. The gnoll hits you with a +0 halberd!
Items here: ! )) ††.
You slash the gnoll!
The gnoll is severely wounded.
The gnoll hits you with a +0 halberd! The gnoll barely misses you.
You furiously retaliate!
You headbutt the gnoll.
You kill the gnoll!
Things that are here:
a +0 halberd; a gnoll corpse No target in view!
No target in view!
Things that are here:
a +0 halberd; a gnoll corpse
u - a dark potion
Items here: )) ††.
Things that are here:
a +0 halberd; a gnoll corpse
s - 2 scrolls labelled HUATHR JADO (gained 1)
You see here a +0 ring mail.
h - 2 murky amethyst potions (gained 1)
You see here 4 atropa-tipped darts.
You open the door.
There is an open door here.
You open the door. 2 gnolls come into view.
A gnoll is wielding a +0 club and quivering a throwing net.
The gnoll shouts!
You hear a shout!
You hear an angry hiss.
A gnoll comes into view. It is wielding a +4 heavy spear.
There are monsters nearby!
There are monsters nearby!
There are monsters nearby!
You closely miss the gnoll. Your headbutt misses the gnoll.
The gnoll hits you from afar with a +4 heavy spear!
The gnoll hits you but does no damage.
You barely miss the gnoll. The gnoll hits you but does no damage.
The gnoll hits you from afar with a +4 heavy spear.
You slash the gnoll! Your headbutt misses the gnoll.
The gnoll is severely wounded.
The gnoll hits you but does no damage.
You closely miss the gnoll. Your headbutt misses the gnoll.
The gnoll is severely wounded.
The gnoll hits you but does no damage.
The gnoll hits you from afar with a +4 heavy spear!
The gnoll hits you with a +0 club.
You barely miss the gnoll.
The gnoll is severely wounded.
The gnoll closely misses you.
You barely miss the gnoll.
The gnoll is severely wounded.
You barely miss the gnoll. The gnoll hits you with a +0 club.
The gnoll closely misses you. You block the gnoll's attack.
You slash the gnoll!
The gnoll is heavily wounded.
You barely miss the gnoll. The gnoll hits you but does no damage.
The gnoll hits you with a +0 whip.
The gnoll hits you from afar with a +4 heavy spear!
You closely miss the gnoll.
The gnoll is severely wounded.
You closely miss the gnoll. The gnoll hits you but does no damage.
The gnoll misses you.
The gnoll hits you from afar with a +4 heavy spear!
You die...

)..# ##..##.# ####
#'###+# #.....#
#.≈≈≈.# ####.....#
#########..'.._..+
..÷.......##.....#
#####.###.##.≈≈≈.#
..# #.# #÷.#...g@#
#.###.# ##.#'###g#
......# #...# #.g
#.##### ##### ####
#.# ..# ### ###
..#


You could see 3 gnolls.

Vanquished Creatures
  Sigmund (D:2)
  Jessica (D:2)
  7 gnolls (D:3)
  2 dart slugs (D:1)
  An orc (D:3)
  6 bats
  5 endoplasms
  4 goblins
  3 hobgoblins
  5 kobolds
  A quokka (D:1)
  4 ball pythons
  3 frilled lizards
  9 rats
52 creatures vanquished.

Notes
Turn   | Place    | Note
-------+----------+-------------------------------------------
     0 | D:1      | browni3141 the Minotaur Fighter began the quest for the
                  | Orb.
     0 | D:1      | Reached XP level 1. HP: 19/19 MP: 0/0
    33 | D:1      | Reached XP level 2. HP: 25/27 MP: 1/1
   219 | D:1      | Reached skill level 3 in Axes
   687 | D:2      | Noticed Jessica
   694 | D:2      | Killed Jessica
   695 | D:2      | Reached XP level 3. HP: 33/33 MP: 2/2
   931 | D:2      | Noticed Sigmund
   949 | D:2      | Killed Sigmund
   950 | D:2      | Reached skill level 4 in Axes
   950 | D:2      | Reached XP level 4. HP: 20/41 MP: 3/3
   950 | D:2      | Reached XP level 5. HP: 23/47 MP: 4/4
  1143 | D:2      | Reached skill level 5 in Axes
  1174 | D:2      | Found a faded altar of an unknown god.
  1177 | D:2      | Got Plato's Catalogue of Fulmination
  1436 | D:3      | Found a basalt altar of Yredelemnul.
  1594 | D:3      | Reached XP level 6. HP: 55/55 MP: 5/5
  1849 | D:3      | Slain by a gnoll

Illustrated notes

Levels and vault maps discovered:
D:1:      minmay_arrival_five_plusses, layout_loops_ring
D:2:      layout_loops_ring, shapermc_ecumenical_altar_rom_forum, uniq_jessica,
          uniq_sigmund
D:3:      layout_basic, mainiacjoe_overflow_six_doors_small, uniq_natasha

Skill      XL: |  1  2  3  4  5 |
---------------+----------------+-----
Axes           | 3 4 5 |  5.3
Fighting       | 4 |  4.9
Armour         | 4 |  4.9
Shields        | 4 |  4.9

Action                     |  1- 3 |  4- 6 || total
---------------------------+-------+-------++-------
  Melee: War axe           |    55 |    51 ||   106
         Headbutt          |     5 |     9 ||    14
    Use: Potion            |     1 |       ||     1
 Armour: Scale mail        |    38 |     6 ||    44
         Chain mail        |       |    45 ||    45
  Dodge: Dodged            |    25 |    21 ||    46
  Block: Buckler           |    13 |     9 ||    22
